 Dungeon Sprint DCSS version 0.18-a0-1800-gdc7a371 (webtiles) character file.

125 Kidiri the Covert (level 4, -2/21 HPs)
             Began as a Spriggan Enchanter on Apr 24, 2016.
             Killed from afar by a white imp (7 damage)
             ... with a puff of frost
             ... summoned by a neqoxec
             ... while paralysed
             ... in the Dungeon (Sprint II: "The Violet Keep of Menkaure").
             The game lasted 00:00:16 (25 turns).

Kidiri the Covert (Spriggan Enchanter)                Turns: 25, Time: 00:00:17

Health: -2/21      AC:  2    Str:  4      XL:     4   Next: 82%
Magic:  8/12       EV:  4    Int: 16      God:
Gold:   0          SH:  0    Dex: 16 (17) Spells: 1 memorised, 12 levels left

rFire  . . .     SeeInvis +     a - +1 dagger
rCold  . . .     Gourm    .     b - +1 robe
rNeg   . . .     Faith    .     (shield restricted)
rPois  .         Spirit   .     (helmet restricted)
rElec  .         Dismiss  .     (no cloak)
rCorr  .         Reflect  .     (gloves unavailable)
SustAt .         Harm     .     (boots unavailable)
MR     .....     NoTele   +     (no amulet)
Stlth  +++++.....               (no ring)
                                (no ring)

@: paralysed, exhausted, slowed, very quick, not resistant to hostile
enchantments, quite stealthy
A: unfitting armour, see invisible, deformed body, herbivore 3, speed 3, slow
metabolism 2
a: no special abilities


You were in the Dungeon.
You were not hungry.

You visited 1 branch

Inventory:

Hand Weapons
 a - a +1 dagger (weapon)
Armour
 b - a +1 robe (worn)
Scrolls
 j - a scroll of blinking
Potions
 e - a potion of curing
 f - a potion of heal wounds
 g - a potion of haste
 h - 2 potions of magic
Books
 c - a book of Maledictions

   Spells                             Type                      Level
   a - Corona                         Hexes                        1
   b - Ensorcelled Hibernation        Hexes/Ice                    2
   c - Confuse                        Hexes                        3
   d - Tukima's Dance                 Hexes                        3
   e - Dazzling Spray                 Conjuration/Hexes            3
Comestibles
 d - a bread ration


   Skills:
 + Level 0.5 Fighting
 + Level 1.9 Short Blades
 + Level 4.8 Dodging
 + Level 9.2 Stealth
 + Level 5.1 Spellcasting
 + Level 8.4 Hexes


You had 12 spell levels left.
You knew the following spells:

 Your Spells              Type           Power        Failure   Level  Hunger
a - Corona                Hex            ####...      1%          1    None


Dungeon Overview and Level Annotations

Branches:
Dungeon (1/1)

Altars:


Innate Abilities, Weirdness & Mutations

You are tiny and cannot use many weapons and most armour.
You have supernaturally acute eyesight.
You are a herbivore.
You cover ground extremely quickly.
You need consume almost no food.
Armour fits poorly on your strangely shaped body.


Message History

You hit the neqoxec.
The neqoxec is heavily wounded.
The iron imp disappears in a puff of smoke!
The white imp gestures at you. The puff of frost hits you!
The shadow imp hits you. The neqoxec gestures at you.
Something tries to feed on your intellect!
You hit the neqoxec.
The neqoxec is severely wounded.
You are no longer berserk.
You pass out from exhaustion.
You feel yourself slow down. The quasit bites you.
The quasit claws you but does no damage. x2
The quasit bites you.
* * * LOW HITPOINT WARNING * * *
The quasit completely misses you. The quasit claws you.
* * * LOW HITPOINT WARNING * * *
The white imp gestures at you. The puff of frost hits you!
You die...

## ## H#
#H # .#$
#. #+#
#53##5##
#33@5.+
#5##5##
#5 #+# #


You could see 3 neqoxecs, 3 iron imps, a quasit, a white imp and a shadow imp.

Vanquished Creatures
  A neqoxec (D)
1 creature vanquished.

Notes
Turn   | Place    | Note
--------------------------------------------------------------
     0 | D        | Kidiri the Spriggan Enchanter began the quest for the Orb.
     0 | D        | Reached XP level 1. HP: 9/9 MP: 5/5
     1 | D        | Noticed a hippogriff
     1 | D        | Noticed a hippogriff
     4 | D        | Noticed a neqoxec
     4 | D        | Noticed a neqoxec
     4 | D        | Noticed a neqoxec
     4 | D        | Noticed a neqoxec
     6 | D        | Noticed an iron imp
     6 | D        | Noticed an iron imp
     7 | D        | Noticed an iron imp
    11 | D        | Gained mutation: Armour fits poorly on your strangely shaped body. [a neqoxec]
    13 | D        | Killed a neqoxec
    13 | D        | Reached skill level 9 in Stealth
    13 | D        | Reached skill level 5 in Spellcasting
    13 | D        | Reached XP level 2. HP: 14/14 MP: 6/9
    13 | D        | Reached XP level 3. HP: 17/17 MP: 6/10
    13 | D        | Reached XP level 4. HP: 21/21 MP: 7/12
    25 | D        | Killed from afar by a white imp

Vault maps used:
D:        the_violet_keep_of_menkaure

Skill      XL: |  1 |
---------------+----+-----
Dodging        | 4 |  4.8
Stealth        | 9 |  9.2
Spellcasting   | 5 |  5.1
Hexes          | 8 |  8.4
Fighting       | |  0.5
Short Blades   | |  1.9

Action                   |  1- 3 |  4- 6 || total
-------------------------+-------+-------++-------
Melee: Dagger            |     8 |    11 ||    19
  Use: Potion            |     1 |       ||     1
Armor: Robe              |       |     3 ||     3
Dodge: Dodged            |     4 |     9 ||    13
